[Event "Titled Tuesday Blitz June 14 Late 2022"]
[White "Romanchuk, Viktor"]
[Black "Adewumi, Tanitoluwa"]
[WhiteFideId "14109271"]
[BlackFideId "30966396"]
[WhiteElo "2242"]
[BlackElo "2499"]
[Result "0-1"]
[Round "11"]
[TimeControl "180+1"]
[Date "2022.06.14"]
[WhiteClock "0:00:04"]
[BlackClock "0:00:04"]

1. d4 Nf6 2. c4 e6 3. Nc3 Bb4 4. e3 O-O 5. Ne2 c6 6. a3 Ba5 7. Qc2 d5 8. Ng3 Re8 9. Be2 Nbd7 10. O-O Bc7 11. Rd1 dxc4 12. Bxc4 b5 13. Be2 Bb7 14. Bf3 a6 15. Nce4 Rc8 16. Bd2 e5 17. Bc3 Nd5 18. dxe5 Nxc3 19. bxc3 Bxe5 20. Nd6 Bxd6 21. Rxd6 Qc7 22. Rad1 Ne5 23. Be4 g6 24. a4 Rcd8 25. Rxd8 Rxd8 26. Rxd8+ Qxd8 27. axb5 axb5 28. Ne2 Qd7 29. h3 c5 30. Bxb7 Qxb7 31. Qd2 b4 32. cxb4 cxb4 33. Qd8+ Kg7 34. Qd4 f6 35. Nf4 b3 36. Qb2 Nc4 37. Qc3 b2 38. Qxc4 b1=Q+ 39. Kh2 Q1b4 40. Qe6 Q4e7 41. Qc4 Qbc7 42. Qxc7 Qxc7 43. g3 Kf7 44. Nd5 Qc6 45. Nf4 g5 46. Ne2 Qf3 0-1


[Site "https://www.chess.com"]

[Event "Titled Tuesday Blitz June 14 Late 2022"]
[White "Rustemov, Alexander"]
[Black "Acosta, Pablo Ismael"]
[WhiteFideId "4119002"]
[BlackFideId "124311"]
[WhiteElo "2770"]
[BlackElo "2313"]
[Result "0-1"]
[Round "11"]
[TimeControl "180+1"]
[Date "2022.06.14"]
[WhiteClock "0:00:01"]
[BlackClock "0:00:05"]

1. d4 c5 2. d5 g6 3. c4 Bg7 4. e4 Nf6 5. Nc3 d6 6. Bd3 O-O 7. h3 a6 8. a4 e6 9. Nf3 exd5 10. cxd5 c4 11. Bc2 Nbd7 12. O-O Rb8 13. a5 b5 14. axb6 Qxb6 15. Ra2 Re8 16. Be3 Qc7 17. Nd2 Ne5 18. Qe2 Nh5 19. g4 Nf6 20. f4 Nexg4 21. hxg4 Nxg4 22. Nf3 f5 23. Bd4 fxe4 24. Bxg7 Qxg7 25. Ng5 Bf5 26. Ne6 Rxe6 27. dxe6 d5 28. Rd1 d4 29. Qxc4 Ne3 30. Qxd4 Qxd4 31. Rxd4 Nxc2 32. Rd6 e3 33. e7 Re8 34. Rd8 Kf7 35. Rxe8 Kxe8 36. Rxa6 Kxe7 37. Ra7+ Kd6 38. Rxh7 Kc5 39. Kf1 Kb4 40. Ke2 Bg4+ 41. Kd3 Bf5+ 42. Ke2 Bg4+ 43. Kf1 Kc4 44. Re7 Kd3 45. Kg2 Nd4 46. Nd5 Bf3+ 47. Kg3 Bxd5 48. Rd7 Be6 49. Rd8 Bf5 50. b4 Kc4 51. b5 Be4 52. b6 Nc2 53. Rc8+ Kd3 54. Rd8+ Kc3 55. Re8 Kd3 56. Rxe4 Kxe4 57. b7 e2 58. b8=Q e1=Q+ 59. Kg4 Qg1+ 60. Kh4 Ne3 61. Qe5+ Kf3 62. Qe6 Nf5+ 63. Kh3 Qg3# 0-1


[Site "https://www.chess.com"]

[Event "Titled Tuesday Blitz June 14 Late 2022"]
[White "Sanal, Vahap"]
[Black "Ivanisevic, Ivan"]
[WhiteFideId "6300545"]
[BlackFideId "912417"]
[WhiteElo "2574"]
[BlackElo "2535"]
[Result "0-1"]
[Round "11"]
[TimeControl "180+1"]
[Date "2022.06.14"]
[WhiteClock "0:00:09"]
[BlackClock "0:00:04"]

1. Nf3 d5 2. b3 c5 3. Bb2 f6 4. e4 dxe4 5. Nh4 Nh6 6. Qh5+ g6 7. Nxg6 hxg6 8. Qxg6+ Kd7 9. Nc3 Nc6 10. O-O-O Kc7 11. Qxe4 Bf5 12. Qa4 e5 13. f4 a6 14. fxe5 fxe5 15. Qc4 b5 16. Qe2 Bxc2 17. Re1 Bh7 18. g4 Bd6 19. Bg2 Nd4 20. Qe3 Nxg4 21. Nd5+ Kb8 22. Qg3 Nf6 23. Qg7 Nxd5 24. Bxd5 Ra7 25. Qg2 Qf6 26. Rhg1 Bf5 27. Ref1 Rah7 28. Bc3 Rxh2 29. Qg8+ Rxg8 30. Rxg8+ Ka7 31. Ba5 Bf8 32. Kb2 c4 33. bxc4 bxc4 34. Rfg1 Rh7 35. Ka1 Nc2+ 36. Kb2 Ba3+ 37. Kc3 e4+ 38. Kxc4 Qd4+ 39. Kb3 Qb2+ 40. Ka4 Rb7 41. R1g7 Qb5# 0-1


[Site "https://www.chess.com"]

[Event "Titled Tuesday Blitz June 14 Late 2022"]
[White "Sargsyan, Anna M."]
[Black "Titichoca Daza, Daniel"]
[WhiteFideId "13308130"]
[BlackFideId "3309550"]
[WhiteElo "2271"]
[BlackElo "1912"]
[Result "0-1"]
[Round "11"]
[TimeControl "180+1"]
[Date "2022.06.14"]
[WhiteClock "0:00:04"]
[BlackClock "0:00:14"]

1. d4 Nf6 2. c4 e6 3. Nf3 d5 4. Nc3 Bb4 5. Bf4 O-O 6. e3 a6 7. Rc1 dxc4 8. Bxc4 b5 9. Bd3 Bb7 10. O-O Nbd7 11. Ne2 Bd6 12. Qc2 Rc8 13. e4 Bxf4 14. Nxf4 h6 15. b4 Qe7 16. a3 e5 17. Ne2 exd4 18. Nexd4 c5 19. Nf5 Qe6 20. Rfe1 cxb4 21. Qb2 bxa3 22. Qxa3 Rxc1 23. Rxc1 Ne5 24. N3d4 Qb6 25. Bb1 g6 26. Qe7 gxf5 27. Qxe5 Re8 28. Qg3+ Kf8 29. Nxf5 Nh5 30. Qh3 Nf4 31. Qg4 Ng6 32. h4 Qf6 33. Rc7 Bc8 34. h5 Bxf5 35. exf5 Re1+ 36. Kh2 Qe5+ 37. g3 Qxc7 38. hxg6 Rxb1 39. g7+ Kg8 40. f6 Qc1 41. Qf3 Qg1+ 42. Kh3 Qh1+ 43. Kg4 Qxf3+ 44. Kxf3 Rb4 0-1


[Site "https://www.chess.com"]

[Event "Titled Tuesday Blitz June 14 Late 2022"]
[White "Sarkar, Justin"]
[Black "Reprintsev, Alexander"]
[WhiteFideId "2010011"]
[BlackFideId "14100541"]
[WhiteElo "2020"]
[BlackElo "2108"]
[Result "1-0"]
[Round "11"]
[TimeControl "180+1"]
[Date "2022.06.15"]
[WhiteClock "0:00:04"]
[BlackClock "0:00:01"]

1. d4 d5 2. c4 e5 3. dxe5 d4 4. g3 Nc6 5. Nf3 Nge7 6. Bg2 Ng6 7. Qa4 Qd7 8. O-O Ngxe5 9. Rd1 Nxf3+ 10. Bxf3 Be7 11. e3 O-O 12. exd4 Nxd4 13. Qxd7 Nxf3+ 14. Kg2 Bxd7 15. Rxd7 Ne1+ 16. Kf1 Nc2 17. Rxe7 Nxa1 18. Na3 Rad8 19. Re1 Rd3 20. Bf4 Rxa3 21. bxa3 Nc2 22. Re7 Rc8 23. Bxc7 Nxa3 24. c5 Nb5 25. Bf4 b6 26. c6 Kf8 27. Re5 Nd4 28. Rd5 Nxc6 29. Rd7 Ke8 30. Rb7 h6 31. h4 h5 32. Kg2 g6 33. Kf1 f5 34. Kg2 Rd8 35. Rg7 Nb4 36. Rxg6 Nxa2 37. Rg5 Rd5 38. Rxh5 b5 39. Rh8+ Kf7 40. h5 a5 41. Rh7+ Kg8 42. Rb7 a4 43. h6 Nc3 44. Bg5 Ne4 45. Bc1 b4 46. h7+ Kh8 47. Bb2+ Nc3 48. Rxb4 Kxh7 49. Bxc3 Rd3 50. Rc4 a3 51. Be5 Rd5 52. f4 Ra5 53. Rc1 a2 54. Ra1 Ra3 55. Kf2 Kg6 56. Ke2 Kh5 57. Kd2 Kg4 58. Kc2 Kxg3 59. Kb2 Rd3 60. Rxa2 1-0


[Site "https://www.chess.com"]

[Event "Titled Tuesday Blitz June 14 Late 2022"]
[White "Shimanov, Aleksandr"]
[Black "Kamsky, Gata"]
[WhiteFideId "4198603"]
[BlackFideId "2000024"]
[WhiteElo "2605"]
[BlackElo "2645"]
[Result "1-0"]
[Round "11"]
[TimeControl "180+1"]
[Date "2022.06.14"]
[WhiteClock "0:00:01"]
[BlackClock "0:00:01"]

1. e4 g6 2. d4 Bg7 3. Nf3 d6 4. Bc4 Nf6 5. Qe2 O-O 6. e5 dxe5 7. dxe5 Nd5 8. h3 c6 9. O-O a5 10. Rd1 a4 11. a3 Qc7 12. Bxd5 cxd5 13. Nc3 Qc4 14. Qxc4 dxc4 15. Bf4 Nc6 16. Rd2 Ra5 17. Re1 h6 18. g4 g5 19. Bg3 Be6 20. Re4 Kh7 21. Kf1 Kg6 22. h4 Rd8 23. Rxd8 Nxd8 24. h5+ Kh7 25. Nd4 Bd5 26. Re1 Nc6 27. Nxc6 Bxc6 28. Re3 Kg8 29. Ke2 Kf8 30. f4 gxf4 31. Bxf4 Bd7 32. Kf3 Bc6+ 33. Kg3 Ke8 34. Kh4 f6 35. exf6 Bxf6+ 36. Kg3 Bg7 37. Re6 Kf7 38. Rg6 Ra8 39. Bxh6 Bf6 40. Be3 Rd8 41. Rh6 Bg7 42. Rh7 Kg8 43. Rxg7+ Kxg7 44. g5 Rf8 45. Bd4+ Kh7 46. g6+ Kh6 47. g7 Rd8 48. Be5 1-0


[Site "https://www.chess.com"]

[Event "Titled Tuesday Blitz June 14 Late 2022"]
[White "Shirov, Alexei"]
[Black "Yoo, Christopher Woojin"]
[WhiteFideId "2209390"]
[BlackFideId "30909694"]
[WhiteElo "2678"]
[BlackElo "2105"]
[Result "0-1"]
[Round "11"]
[TimeControl "180+1"]
[Date "2022.06.14"]
[WhiteClock "0:00:01"]
[BlackClock "0:00:08"]

1. e4 c6 2. d4 d5 3. e5 c5 4. dxc5 e6 5. a3 Bxc5 6. b4 Be7 7. c4 a5 8. cxd5 exd5 9. b5 Be6 10. Nf3 Nd7 11. Be2 Bc5 12. O-O Ne7 13. Bb2 O-O 14. Nd4 Nb6 15. Nd2 a4 16. Rc1 Rc8 17. N2f3 Nf5 18. Nxf5 Bxf5 19. Nd4 Be6 20. Kh1 Qe7 21. f4 Bxa3 22. Bxa3 Qxa3 23. Ra1 Qb4 24. f5 Bd7 25. Rb1 Qc5 26. f6 Rfe8 27. fxg7 Rxe5 28. Bh5 f5 29. Bf3 Nc4 30. Qd3 Re3 31. Qd1 Re5 32. Nc2 a3 33. Rc1 Bxb5 34. Nd4 Bd7 35. Nb3 Qd6 36. Nd2 Ne3 37. Rxc8+ Bxc8 38. Qc1 Bd7 39. Re1 f4 40. Nb3 Kxg7 41. Nd4 Nc4 42. Qa1 Rxe1+ 43. Qxe1 Qe5 44. Qc3 a2 45. h4 Kf6 46. Kh2 b5 47. Qb4 Qd6 48. Qc3 Ke7 49. Nb3 Qe5 50. Qb4+ Nd6 0-1


[Site "https://www.chess.com"]

[Event "Titled Tuesday Blitz June 14 Late 2022"]
[White "Sibilio, Mario"]
[Black "Briscoe, Chris"]
[WhiteFideId "800422"]
[BlackFideId "408360"]
[WhiteElo "2296"]
[BlackElo "2111"]
[Result "0-1"]
[Round "11"]
[TimeControl "180+1"]
[Date "2022.06.15"]
[WhiteClock "0:00:02"]
[BlackClock "0:00:05"]

1. e4 c5 2. Nf3 d6 3. b3 Nf6 4. e5 dxe5 5. Nxe5 Qd4 6. Bb5+ Nbd7 7. Nc4 Qe4+ 8. Ne3 a6 9. Be2 e6 10. Bb2 Bd6 11. Bf3 Qg6 12. Nc4 Bc7 13. a4 h5 14. d3 h4 15. h3 Rb8 16. a5 b5 17. axb6 Nxb6 18. Ne5 Qf5 19. Qe2 Bb7 20. Bxb7 Rxb7 21. Rxa6 O-O 22. Ng4 Nbd5 23. Nd2 Nf4 24. Qf3 Rb6 25. Rxb6 Bxb6 26. Nxf6+ gxf6 27. O-O Kh7 28. Ne4 Bd8 29. Ra1 Rg8 30. Kf1 Rxg2 31. Ra7 Rg7 32. Nd6 Qxh3+ 33. Qxh3 Nxh3 34. Nxf7 Bb6 35. Ng5+ Kh6 0-1


[Site "https://www.chess.com"]

[Event "Titled Tuesday Blitz June 14 Late 2022"]
[White "Simonovic, Miroslav"]
[Black "Mangialardo, Tiago Carvalho"]
[WhiteFideId "919152"]
[BlackFideId "2130718"]
[WhiteElo "2043"]
[BlackElo "2080"]
[Result "0-1"]
[Round "11"]
[TimeControl "180+1"]
[Date "2022.06.15"]
[WhiteClock "0:00:07"]
[BlackClock "0:00:03"]

1. d4 d5 2. Bg5 Nd7 3. e3 Ngf6 4. c4 e6 5. cxd5 exd5 6. Nc3 Be7 7. Bd3 O-O 8. Qc2 h6 9. Bh4 c6 10. f4 Re8 11. Nf3 Ne4 12. Bxe7 Qxe7 13. Bxe4 dxe4 14. Ne5 f6 15. Nc4 Nb6 16. Nd2 Bf5 17. O-O Qe6 18. h3 h5 19. b3 Nd5 20. Nxd5 Qxd5 21. Rac1 Rad8 22. Qc5 a6 23. Rc3 Rd7 24. Rfc1 Red8 25. a4 g5 26. fxg5 fxg5 27. b4 g4 28. h4 g3 29. Nf1 Rg7 30. Qxd5+ Rxd5 31. Rc5 Be6 32. b5 axb5 33. axb5 cxb5 34. Nd2 Rg4 35. Rb1 Rxc5 36. dxc5 Bd7 37. Rb4 Bc6 38. Rd4 Rxh4 39. Rd8+ Kf7 40. Rd6 Rg4 41. Nf1 h4 42. Rh6 Kg7 43. Rd6 Rg5 44. Rd4 Rxc5 45. Nd2 Rc1+ 46. Nf1 b4 47. Rd2 Bb5 48. Re2 Bxe2 49. Kh1 Rxf1# 0-1


[Site "https://www.chess.com"]

[Event "Titled Tuesday Blitz June 14 Late 2022"]
[White "Svane, Rasmus"]
[Black "Hambleton, Aman"]
[WhiteFideId "4657101"]
[BlackFideId "2606577"]
[WhiteElo "2674"]
[BlackElo "2552"]
[Result "1-0"]
[Round "11"]
[TimeControl "180+1"]
[Date "2022.06.14"]
[WhiteClock "0:01:31"]
[BlackClock "0:00:01"]

1. Nf3 Nf6 2. g3 b6 3. Bg2 Bb7 4. O-O c5 5. c4 e6 6. Nc3 d6 7. d4 cxd4 8. Qxd4 a6 9. Bg5 Nbd7 10. Qd2 Be7 11. Bf4 Qc7 12. Rfd1 O-O 13. Bxd6 Bxd6 14. Qxd6 Qxc4 15. Ne5 Nxe5 16. Bxb7 Rab8 17. Bxa6 Qxa6 18. Qxe5 b5 19. a3 Qb7 20. Rd4 h6 21. Rb4 Qc6 22. Rxb5 Ng4 23. Qc5 Qxc5 24. Rxc5 Rxb2 25. a4 Ra8 26. a5 Rc2 27. a6 Ra7 28. Nb5 Rxa6 29. Rxa6 Rxc5 30. Nd6 Rc1+ 31. Kg2 f5 32. h3 Nf6 33. Nb5 1-0


[Site "https://www.chess.com"]

[Event "Titled Tuesday Blitz June 14 Late 2022"]
[White "Swicarz, Maciej"]
[Black "Tica, Sven"]
[WhiteFideId "1113585"]
[BlackFideId "14526948"]
[WhiteElo "2049"]
[BlackElo "2346"]
[Result "0-1"]
[Round "11"]
[TimeControl "180+1"]
[Date "2022.06.14"]
[WhiteClock "0:00:11"]
[BlackClock "0:00:49"]

1. c4 e6 2. Nc3 d5 3. d4 Nf6 4. Bg5 Nbd7 5. cxd5 exd5 6. e3 c6 7. Bd3 Be7 8. Nf3 Ne4 9. Bxe7 Qxe7 10. O-O O-O 11. Rb1 f5 12. Qc2 a5 13. a3 Rf6 14. Na4 b5 15. Nc3 Bb7 16. Ne2 Raf8 17. Rbc1 Rh6 18. Rfd1 g5 19. Bxe4 fxe4 20. Ne5 Nxe5 21. dxe5 Qxe5 22. g3 Qf5 23. Nd4 Qh3 24. f4 exf3 25. Qf2 g4 26. Rd2 Rhf6 27. Rdc2 Qh6 28. Rc3 Qg6 29. R3c2 h5 30. Rc3 Re8 31. R1c2 b4 32. axb4 axb4 33. Rc5 Ra8 34. Rc1 Ra2 35. Qc2 f2+ 36. Kg2 Qxc2 37. R5xc2 Ba6 38. Rxf2 Rxf2+ 39. Kxf2 Rxb2+ 40. Kg1 Bc4 41. Nxc6 b3 42. Ne5 Rc2 43. Rb1 b2 44. e4 Rc1+ 0-1


[Site "https://www.chess.com"]

[Event "Titled Tuesday Blitz June 14 Late 2022"]
[White "Tanenbaum, Zachary"]
[Black "Vasquez Schroeder, Rodrigo"]
[WhiteFideId "2060850"]
[BlackFideId "3400042"]
[WhiteElo "2175"]
[BlackElo "2567"]
[Result "1-0"]
[Round "11"]
[TimeControl "180+1"]
[Date "2022.06.14"]
[WhiteClock "0:00:12"]
[BlackClock "0:00:35"]

1. e4 c5 2. Nf3 d6 3. d4 cxd4 4. Nxd4 Nf6 5. Nc3 Nc6 6. Bg5 e6 7. Bb5 Bd7 8. Qd3 Ne5 9. Qh3 a6 10. Bxd7+ Nexd7 11. O-O-O Rc8 12. f4 Rxc3 13. Qxc3 Nxe4 14. Qe3 Nxg5 15. fxg5 Be7 16. h4 O-O 17. Rhf1 Ne5 18. Nf3 Nc4 19. Qd3 Qc7 20. Kb1 Rc8 21. c3 Qb6 22. Qe2 Ne3 23. Qf2 Qc5 24. Nd4 Nxf1 25. Rxf1 Rf8 26. Qe2 Qd5 27. Rd1 g6 28. g4 Re8 29. Nf5 Qc5 30. Nh6+ Kg7 31. Nxf7 e5 32. Nh6 Rf8 33. Rf1 Qc8 34. a3 Qe6 35. Re1 Rf4 36. Qg2 Qd7 37. Qd5 Qe8 38. Qxb7 Rf2 39. Rd1 Kf8 40. Qb6 Qa4 41. Qxf2+ 1-0


[Site "https://www.chess.com"]

[Event "Titled Tuesday Blitz June 14 Late 2022"]
[White "Voege, Tobias"]
[Black "Silvestre, Christian"]
[WhiteFideId "1270513"]
[BlackFideId "30956269"]
[WhiteElo "2379"]
[BlackElo "2337"]
[Result "0-1"]
[Round "11"]
[TimeControl "180+1"]
[Date "2022.06.15"]
[WhiteClock "0:00:06"]
[BlackClock "0:00:05"]

1. e4 c6 2. d4 d5 3. e5 a6 4. f4 Bf5 5. Nf3 Bg4 6. Bd3 e6 7. O-O c5 8. c3 Nc6 9. Be3 cxd4 10. cxd4 Qb6 11. Nc3 Bxf3 12. Qxf3 Qxb2 13. f5 Qxc3 14. fxe6 f6 15. Qh5+ g6 16. Bxg6+ hxg6 17. Qxh8 Qxe3+ 18. Kh1 O-O-O 19. Qxg8 Bd6 20. Qxg6 fxe5 21. e7 Bxe7 22. Qe6+ Kb8 23. Rf7 Qxd4 24. Raf1 Bd6 25. Rh7 Qc4 26. Qf7 Na5 27. Rb1 Qc6 28. Qf6 Bc7 29. Qg5 e4 30. h3 Qd6 31. g3 Qxg3 32. Qxg3 Bxg3 33. h4 Bc7 34. h5 Nc6 35. h6 d4 36. Rg7 Rh8 37. h7 Nd8 38. Rg8 Rxh7+ 39. Kg2 Rd7 40. Rd1 d3 41. Kf2 Bb6+ 42. Kg3 e3 43. Re8 e2 44. Rh1 d2 45. Rxe2 d1=Q 46. Rxd1 Rxd1 47. Kf3 Rd6 48. Rb2 Rc6 49. Ke4 Ne6 50. Kd5 Nc7+ 51. Ke5 Nb5 52. Rg2 Rc5+ 53. Ke4 Rc6 54. Kd5 Ka7 55. a4 Nc7+ 56. Ke4 Rc4+ 57. Kd3 Rxa4 58. Rg7 Ra5 59. Rh7 Rd5+ 60. Kc4 Rf5 61. Kb4 Nd5+ 62. Kb3 Ne3 63. Ka4 Rc5 64. Kb4 Nd5+ 65. Ka4 Rc4+ 66. Kb3 Rf4 67. Ka3 Nb4 68. Kb3 Nc6 69. Kc3 a5 70. Kb3 a4+ 71. Ka2 Bc5 72. Kb1 Rc4 73. Kb2 Kb6 74. Kb1 a3 75. Ka2 Rf4 76. Kb3 Rf3+ 77. Ka2 Re3 78. Kb1 Nb4 79. Rh6+ Kb5 80. Rh1 a2+ 81. Ka1 Bd4# 0-1


[Site "https://www.chess.com"]

[Event "Titled Tuesday Blitz June 14 Late 2022"]
[White "Wang, Isaac"]
[Black "Rios Escobar, Adan"]
[WhiteFideId "30977185"]
[BlackFideId "3403645"]
[WhiteElo "2294"]
[BlackElo "2453"]
[Result "1/2-1/2"]
[Round "11"]
[TimeControl "180+1"]
[Date "2022.06.14"]
[WhiteClock "0:00:08"]
[BlackClock "0:00:09"]

1. d4 Nf6 2. c4 g6 3. Nc3 Bg7 4. e4 d6 5. h3 O-O 6. Be3 c6 7. Nf3 e5 8. d5 Nh5 9. g3 a5 10. Be2 Na6 11. Qd2 cxd5 12. cxd5 Bd7 13. Ng5 Nf6 14. h4 Rc8 15. h5 Nc5 16. h6 Bh8 17. f3 Ne8 18. Nh3 f5 19. Nf2 Bf6 20. Bb5 Be7 21. Bxd7 Qxd7 22. O-O-O Na4 23. Kb1 Nxc3+ 24. bxc3 Nc7 25. c4 Na6 26. Rc1 Qa4 27. Qd3 Nc5 28. Bxc5 Rxc5 29. exf5 gxf5 30. g4 e4 31. fxe4 Bf6 32. gxf5 b5 33. Ng4 Bh8 34. Qb3 Rxc4 35. Rxc4 Qxc4 36. Qxc4 bxc4 37. Rh2 Rb8+ 38. Kc1 Bd4 39. Rg2 Kf7 40. Nf2 Be3+ 41. Kc2 c3 42. Nd1 Bd4 43. Nxc3 Rc8 44. Rg3 Kf6 45. Kd2 Ke5 46. Ne2 Bc5 47. Rg7 Bb4+ 48. Ke3 Rc2 49. Rxh7 Rxa2 50. Re7+ Kf6 51. Re6+ Kf7 52. h7 Ra3+ 53. Kf4 Rh3 54. Ng3 Rxh7 55. f6 Bd2+ 56. Kf3 Rh3 57. Kg4 Rh6 58. Nf5 Rg6+ 59. Kf3 Rxf6 60. Rxf6+ Kxf6 61. Nxd6 a4 62. Nc4 Bb4 63. Ke2 Ba3 64. Kd3 Bb4 65. Kd4 a3 66. e5+ Ke7 67. Nxa3 Bxa3 68. Kc4 Bb2 69. Kb5 Bxe5 70. Kc6 Bd6 71. Kb7 Be5 72. Kc8 Bd6 73. Kb7 Be5 74. Kc6 Bd6 75. Kb7 1/2-1/2


[Site "https://www.chess.com"]

[Event "Titled Tuesday Blitz June 14 Late 2022"]
[White "Yuan, Qingyu"]
[Black "Peng, David Yu"]
[WhiteFideId "8609772"]
[BlackFideId "2605376"]
[WhiteElo "2359"]
[BlackElo "2166"]
[Result "1/2-1/2"]
[Round "11"]
[TimeControl "180+1"]
[Date "2022.06.14"]
[WhiteClock "0:00:18"]
[BlackClock "0:00:16"]

1. e4 c5 2. Nf3 e6 3. b3 Nc6 4. Bb2 Nf6 5. e5 Nd5 6. Nc3 Nxc3 7. dxc3 d5 8. exd6 Qxd6 9. Qe2 Be7 10. Rd1 Qc7 11. c4 O-O 12. g3 b6 13. Bg2 Bb7 14. O-O Rfd8 15. h4 Rxd1 16. Rxd1 Rd8 17. Rxd8+ Qxd8 18. Ne5 Nxe5 19. Bxb7 Nd7 20. Qd1 Nf8 21. Qxd8 Bxd8 22. Be5 Nd7 23. Bd6 f6 24. Bc6 Ne5 25. Be4 Nd7 26. Bc6 Ne5 27. Be8 Nf7 28. Bb8 a5 29. Bd7 e5 30. Kg2 Kf8 31. Kf3 Ke7 32. Bc6 Nd6 33. g4 g6 34. Ke3 f5 35. f3 Ke6 36. h5 gxh5 37. gxh5 Bg5+ 38. Kd3 Bd8 39. c3 Nf7 40. Bd5+ Kf6 41. Bxf7 e4+ 42. fxe4 fxe4+ 43. Kxe4 Kxf7 44. Kf5 Bf6 45. Be5 Bd8 46. a3 Bh4 47. Bc7 Be1 48. Bxb6 Bxc3 49. Bxc5 Bb2 50. Bd6 Bc1 51. b4 Bxa3 52. bxa5 Bxd6 53. Ke4 Ke6 54. Kd4 Bb8 55. c5 Ba7 56. Kc4 h6 57. Kb5 Kd7 58. a6 Kc7 59. Kc4 Kc6 60. Kd4 Bxc5+ 61. Ke5 Be3 62. a7 Kb7 63. Kf5 Bg5 64. Kg4 Ka8 65. Kh3 Kxa7 66. Kg2 Kb6 67. Kh1 Kc5 68. Kg2 Kd4 69. Kh1 Ke3 70. Kg2 Kf4 71. Kh1 Kf3 72. Kh2 Bf4+ 73. Kh1 Kg3 74. Kg1 Be3+ 75. Kh1 Kh4 76. Kh2 Bf4+ 77. Kh1 Bg3 78. Kg2 Kg4 79. Kh1 Kf3 80. Kg1 Bf4 81. Kh1 Kg3 82. Kg1 Kh3 83. Kh1 Be3 1/2-1/2


[Site "https://www.chess.com"]

[Event "Titled Tuesday Blitz June 14 Late 2022"]
[White "Yurasova, Daria"]
[Black "Gurevich, Dmitry"]
[WhiteFideId "34146919"]
[BlackFideId "2000407"]
[WhiteElo "2021"]
[BlackElo "2506"]
[Result "0-1"]
[Round "11"]
[TimeControl "180+1"]
[Date "2022.06.15"]
[WhiteClock "0:00:09"]
[BlackClock "0:00:51"]

1. e4 c5 2. Nf3 d6 3. d4 cxd4 4. Nxd4 Nf6 5. Nc3 Nc6 6. Be3 Ng4 7. Bg5 Qb6 8. Bb5 Bd7 9. Bxc6 bxc6 10. O-O h6 11. Bh4 g5 12. Bg3 h5 13. h3 h4 14. Bh2 Nxh2 15. Kxh2 Bg7 16. Nf5 Be5+ 17. Kh1 Qxb2 18. Nd5 Qxa1 19. Qxa1 Bxa1 20. Nc7+ Kd8 21. Nxa8 Bxf5 22. exf5 Bd4 23. Rb1 Kc8 24. f3 Rh6 25. Rb4 Bc5 26. Re4 d5 27. Ra4 Kb7 28. Ra5 Bd6 0-1


[Site "https://www.chess.com"]

[Event "Titled Tuesday Blitz June 14 Late 2022"]
[White "Zherebtsova, Alexandra"]
[Black "Kovacevic, Radmila"]
[WhiteFideId "24129518"]
[BlackFideId "933171"]
[WhiteElo "2025"]
[BlackElo "2115"]
[Result "1-0"]
[Round "11"]
[TimeControl "180+1"]
[Date "2022.06.15"]
[WhiteClock "0:00:09"]
[BlackClock "0:00:06"]

1. d4 e6 2. Nf3 c5 3. c4 cxd4 4. Nxd4 Nc6 5. Nc3 a6 6. g3 Bc5 7. Nb3 Ba7 8. Bg2 h5 9. Ne4 d5 10. cxd5 exd5 11. Ng5 Nf6 12. h3 Bf5 13. Bf4 Qe7 14. Rc1 h4 15. g4 Be4 16. Nxe4 dxe4 17. Qd6 Qxd6 18. Bxd6 O-O-O 19. Bc5 Kb8 20. g5 Nh7 21. Bxe4 Nxg5 22. Bxc6 bxc6 23. Bxa7+ Kxa7 24. Rxc6 Rhe8 25. e3 Nf3+ 26. Ke2 Ne5 27. Rc7+ Kb6 28. Rc3 Rd5 29. Rg1 g6 30. Rgc1 Red8 31. Nd4 Ra5 32. Rb3+ Ka7 33. Rc7+ Ka8 34. a3 Rd7 35. Rbb7 Rxc7 36. Rxc7 Rd5 37. Re7 Kb8 38. Rxe5 Rxe5 39. Nc6+ Kc7 40. Nxe5 g5 41. Nxf7 g4 42. Ng5 gxh3 43. Nxh3 Kd6 44. f3 Kd5 45. e4+ Kc4 46. f4 Kb3 47. e5 Kxb2 48. e6 Kxa3 49. e7 a5 50. e8=Q a4 51. f5 Kb3 52. f6 a3 53. f7 a2 54. Qb8+ Kc2 55. Qa7 Kb1 56. f8=Q Kc1 57. Qf1+ Kb2 58. Qf6+ Kc1 59. Qc5+ Kb1 60. Qb4+ Kc1 61. Qfc3# 1-0


[Site "https://www.chess.com"]

[Event "Titled Tuesday Blitz June 14 Late 2022"]
[White "Zhou, Liran"]
[Black "Kovanova, Baira"]
[WhiteFideId "30931967"]
[BlackFideId "4164083"]
[WhiteElo "2621"]
[BlackElo "2190"]
[Result "1-0"]
[Round "11"]
[TimeControl "180+1"]
[Date "2022.06.15"]
[WhiteClock "0:00:20"]
[BlackClock "0:00:33"]

1. e4 e5 2. Nf3 Nc6 3. Bb5 a6 4. Ba4 Nf6 5. d3 d6 6. c3 g6 7. O-O Bg7 8. d4 exd4 9. cxd4 O-O 10. Nc3 b5 11. Bc2 Bg4 12. Be3 b4 13. Nb1 Re8 14. Nbd2 Nd7 15. h3 Bxf3 16. Nxf3 Nb6 17. b3 d5 18. e5 Na7 19. Qd2 Qe7 20. Rfe1 Nb5 21. Bg5 Qf8 22. Bd3 Nc3 23. a3 a5 24. axb4 axb4 25. Rxa8 Rxa8 26. e6 fxe6 27. Rxe6 Nd7 28. Qe3 Nf6 29. Bxf6 Bxf6 30. Rc6 Bg7 31. Ng5 Re8 32. Re6 Rd8 33. Rxg6 Rd6 34. Rxd6 Qxd6 35. Qe8+ Bf8 36. Qf7+ 1-0


[Site "https://www.chess.com"]

[Event "Titled Tuesday Blitz June 14 Late 2022"]
[White "Zhurbinsky, David"]
[Black "Lagno, Kateryna"]
[WhiteFideId "2072904"]
[BlackFideId "14109336"]
[WhiteElo "2578"]
[BlackElo "2522"]
[Result "0-1"]
[Round "11"]
[TimeControl "180+1"]
[Date "2022.06.14"]
[WhiteClock "0:00:26"]
[BlackClock "0:00:18"]

1. e4 e5 2. Nf3 Nc6 3. Bb5 a6 4. Ba4 d6 5. O-O Bd7 6. c3 g6 7. d4 Bg7 8. Bg5 Nf6 9. Nbd2 h6 10. Bh4 b5 11. Bb3 exd4 12. cxd4 g5 13. Bg3 O-O 14. e5 dxe5 15. dxe5 Nh5 16. Ne4 Nxg3 17. fxg3 Na5 18. Bc2 Be6 19. Qe2 Bc4 20. Nf6+ Qxf6 21. exf6 Bxe2 22. fxg7 Rfe8 23. Rf2 c5 24. Re1 Bxf3 25. Rxe8+ Rxe8 26. Rxf3 Re5 27. Kf2 Kxg7 28. a4 Nc6 29. axb5 Nd4 30. bxa6 Nxc2 31. a7 Re8 32. Rc3 Nd4 33. Rxc5 Ra8 34. Ra5 Kf8 35. Ra6 Ke7 36. b4 f6 37. Ke3 Nc2+ 38. Ke4 Nxb4 39. Rb6 Na2 40. Rb7+ Kd6 41. Kd3 Kc6 42. Rf7 Nb4+ 43. Kc4 Nd5 44. Rh7 Nc7 45. Rf7 Nd5 46. Rh7 h5 47. Rxh5 Rxa7 48. Rh6 Ra4+ 49. Kd3 Kd6 50. h4 gxh4 51. gxh4 Rg4 52. h5 Rxg2 53. Rg6 Rxg6 54. hxg6 Ne7 55. Ke4 Ke6 56. g7 Kf7 57. Kf4 Kxg7 58. Kg4 Kg6 59. Kf4 f5 60. Kf3 Kg5 61. Kg3 f4+ 62. Kf3 Kf5 63. Kf2 Kg4 64. Kg2 f3+ 65. Kf2 Kf4 66. Kf1 Kg3 67. Kg1 f2+ 68. Kf1 Nf5 69. Ke2 Kg2 70. Kd3 f1=Q+ 71. Ke4 Qf3+ 72. Ke5 Ng3 73. Ke6 Qf4 74. Ke7 Qf5 75. Kd8 Qe6 76. Kc7 Qd5 77. Kb8 Qd7 78. Ka8 Kf3 79. Kb8 Ke4 80. Ka8 Kd5 81. Kb8 Kc6 82. Ka8 Qb7# 0-1


[Site "https://www.chess.com"]

[Event "Titled Tuesday Blitz June 14 Late 2022"]
[White "kikoveiga"]
[Black "Chiu, Isaac"]
[BlackFideId "30900654"]
[WhiteElo "2420"]
[BlackElo "2117"]
[Result "0-1"]
[Round "11"]
[TimeControl "180+1"]
[Date "2022.06.14"]
[WhiteClock "0:00:03"]
[BlackClock "0:00:33"]

1. Nf3 Nf6 2. g3 b6 3. Bg2 Bb7 4. O-O g6 5. c4 Bg7 6. b3 c5 7. Bb2 O-O 8. d4 cxd4 9. Qxd4 d6 10. Nc3 Nbd7 11. Qd2 a6 12. Rac1 Qc7 13. Nd5 Qd8 14. Nc3 Rc8 15. Rfe1 b5 16. cxb5 axb5 17. e4 b4 18. Nd5 Rxc1 19. Bxc1 Nxd5 20. exd5 Bc3 21. Qd3 Bxe1 22. Nxe1 Kg7 23. Bb2+ Nf6 24. g4 Kg8 25. g5 Nd7 26. Qd4 f6 27. Bh3 Kg7 28. Nd3 Ne5 29. Kg2 Qa5 30. Nf4 fxg5 31. Ne6+ Kg8 32. Nxf8 Bxd5+ 33. Kg3 Kxf8 34. f4 gxf4+ 35. Qxf4+ Nf7 36. Qc1 e5 37. Qd2 Qxa2 38. Qxb4 Qxb2 39. Qb8+ Kg7 40. Qb4 Qxb3+ 41. Qxb3 Bxb3 0-1